 Dungeon Crawl Stone Soup version 0.24-a0-368-g0e0cebd0f3 (webtiles) character file.

Game seed: 1009409485834761785

176 D1HalberdGnoll the Charlatan (level 5, -5/46 HPs)
             Began as a Hill Orc Artificer on May 29, 2019.
             Slain by an ogre
             ... wielding a +0 giant club
              (22 damage)
             ... on level 3 of the Dungeon.
             The game lasted 00:03:07 (2871 turns).

D1HalberdGnoll the Charlatan (Hill Orc Artificer)   Turns: 2871, Time: 00:03:07

Health: -5/46      AC:  8    Str: 16    XL:     5   Next: 56%
Magic:  8/8        EV: 10    Int: 11    God:
Gold:   89         SH:  0    Dex: 11    Spells: 4/4 levels left

rFire    . . .     SeeInvis .   k - +1 dagger (flame)
rCold    . . .     Gourm    .   (no shield)
rNeg     . . .     Faith    .   r - +0 scale mail
rPois    .         Spirit   .   (no helmet)
rElec    .         Reflect  .   (no cloak)
rCorr    .         Harm     .   (no gloves)
MR       .....                  m - +1 pair of boots
Stlth    ..........             (no amulet)
HPRegen  0.15/turn              (no ring)
MPRegen  0.11/turn              (no ring)

@: no status effects
A: no striking features
a: no special abilities


You were on level 3 of the Dungeon.
You were not hungry.

You visited 1 branch of the dungeon, and saw 3 of its levels.

You collected 89 gold pieces.

Inventory:

Hand Weapons
 a - a +0 short sword
 k - a +1 dagger of flaming (weapon)
 s - a +0 spear
Armour
 m - a +1 pair of boots (worn)
 r - a +0 scale mail (worn)
Wands
 c - a wand of flame (13)
 d - a wand of enslavement (13)
 e - a wand of random effects (35)
Scrolls
 b - a scroll of blinking {unknown}
 g - 9 scrolls of identify {unknown}
 h - a scroll of magic mapping {unknown}
 i - a scroll of fear {unknown}
 n - a scroll of noise {unknown}
 o - a scroll of enchant armour {unknown}
 q - 2 scrolls of teleportation {unknown}
Potions
 j - a potion of cancellation {unknown}
 l - a potion of mutation {unknown}
 p - a potion of heal wounds {unknown}
 u - a potion of flight {unknown}
Comestibles
 f - 5 rations
 t - a chunk of flesh


   Skills:
 + Level 3.7 Fighting
 - Level 1.0 Short Blades
 + Level 0.2 Polearms
 + Level 0.0 Armour
 + Level 2.9 Dodging
 - Level 0.7 Stealth
 + Level 4.2 Evocations


You had 4 spell levels left.
You didn't know any spells.
Your spell library was empty.

Dungeon Overview and Level Annotations

Branches:
Dungeon (3/15)

Altars:
Ru
Uskayaw
Zin

Shops:
D:2 *


Message History

The ogre is moderately wounded.
The orc hits you but does no damage. The ogre hits you with a +0 giant club.
You hit the ogre but do no damage.
The ogre is moderately wounded.
The orc closely misses you. The ogre barely misses you.
You hit the ogre but do no damage.
The ogre is moderately wounded.
The orc hits you with a +0 falchion.
You hit the ogre. You burn the ogre.
The ogre is moderately wounded.
The ogre hits you with a +0 giant club!
* * * LOW HITPOINT WARNING * * *
The orc barely misses you.
You are too injured to fight recklessly!
Evoke which item? (* to show all) (? for menu, Esc to quit)
Aiming: Random Effects
Press: ? - help, Shift-Dir - straight line The ogre appears confused.
The ogre hits you with a +0 giant club!!
You die...

##.....# #......#
#
#......########.#
#......##.......#
#..........[...#
#.......#.####.#
#......†#o#
#####.#[#O# ..
#.#.#@# ...#
#####.#...#
...#####......####
... #.........+ .#
#........#
.#####[..######
....##...#
....##...#
....##.###


You could see an ogre (confused) and an orc.

Vanquished Creatures
  An ogre (D:2)
  3 adders
  2 worms (D:2)
  3 dart slugs
  6 leopard geckos
  A ball python (D:1)
  6 bats
  2 giant cockroaches (D:1)
  6 goblins
  3 hobgoblins
  4 frilled lizards (D:2)
  6 kobolds
  8 rats
51 creatures vanquished.

Vanquished Creatures (others)
  A goblin (D:1)
1 creature vanquished.

Grand Total: 52 creatures vanquished

Notes
Turn   | Place    | Note
-------+----------+-------------------------------------------
     0 | D:1      | D1HalberdGnoll the Hill Orc Artificer began the quest for
                  | the Orb.
     0 | D:1      | Reached XP level 1. HP: 16/16 MP: 3/3
   252 | D:1      | Reached XP level 2. HP: 14/24 MP: 4/4
   548 | D:1      | Reached XP level 3. HP: 25/29 MP: 5/5
  1350 | D:2      | Noticed an ogre
  1666 | D:2      | Killed an ogre
  1666 | D:2      | Reached skill level 4 in Evocations
  1666 | D:2      | Reached XP level 4. HP: 31/38 MP: 5/7
  1666 | D:2      | Reached XP level 5. HP: 37/45 MP: 5/8
  1967 | D:2      | Found a sacrificial altar of Ru.
  2144 | D:2      | Found Zin's Purification Station.
  2147 | D:2      | Found a glowing silver altar of Zin.
  2818 | D:3      | Found a hide-covered altar of Uskayaw.
  2858 | D:3      | Noticed an ogre
  2871 | D:3      | Slain by an ogre

Levels and vault maps discovered:
D:1:      dpeg_arrival_court, layout_loops_ring
D:2:      layout_basic, nicolae_ru_sacrificial_ziggurat, zin_purify
D:3:      layout_basic, nicolae_overflow_crystal_walls, cheibriados_altar_1,
          vehumet_crystals, kennysheep_crisscross

Skill      XL: |  1  2  3 |
---------------+----------+-----
Fighting       | 2 3 |  3.7
Dodging        | 2 |  2.9
Evocations     | 4 |  4.2
Short Blades   | |  1.0
Polearms       | |  0.2
Stealth        | |  0.7

Action                   |  1- 3 |  4- 6 || total
-------------------------+-------+-------++-------
Melee: Short sword       |    51 |       ||    51
       Dagger            |    67 |   107 ||   174
Evoke: Wand              |     5 |     1 ||     6
  Eat: Chunk             |     2 |     4 ||     6
Armor: Ring mail         |    42 |    26 ||    68
       Leather armour    |     6 |       ||     6
       Scale mail        |       |    10 ||    10
Dodge: Dodged            |    94 |    51 ||   145

Table legend:
 A = Non-vault XP
 B = Vault XP
 C = Vault XP percentage of total XP
 D = Non-vault monster count
 E = Vault monster count
 F = Vault count percentage of total count
                 A         B        C        D         E       F
            +---------+---------+-------+---------+---------+-------
      Total |     252 |       0 |   0.0 |      51 |       0 |   0.0
            +---------+---------+-------+---------+---------+-------
        D:1 |      44 |       0 |   0.0 |      23 |       0 |   0.0
        D:2 |     184 |       0 |   0.0 |      23 |       0 |   0.0
        D:3 |      24 |       0 |   0.0 |       5 |       0 |   0.0
            +---------+---------+-------+---------+---------+-------
